 Dungeon Crawl Stone Soup version 0.32-a0-42-ga30500b4d3 (webtiles) character file.

Game seed: 448784423728750386

260 CougarLife the Ruffian (level 5, 0/53 HPs)
             Began as a Troll Fighter on Jan 26, 2024.
             Slain by Edmund
             ... wielding a +2 flail of holy wrath
              (7 damage)
             ... on level 4 of the Dungeon.
             The game lasted 00:04:04 (2126 turns).

CougarLife the Ruffian (Troll Fighter)              Turns: 2126, Time: 00:04:05

Health: 0/53       AC:  4    Str: 24    XL:     5   Next: 95%
Magic:  4/4        EV:  9    Int:  6    God:
Gold:   67         SH:  7    Dex:  9    Spells: 4/4 levels left

rFire   . .          .
                       - Unarmed
rCold   . . .        b - +0 kite shield
rNeg    . . .        a - +0 robe
rPois   +            (helmet restricted)
rElec   .            (no cloak)
rCorr   .            (gloves unavailable)
SInv    .            (boots unavailable)
Will    +....        (no amulet)
Stlth   +            q - ring of poison resistance
HPRegen 1.08/turn    s - ring of willpower
MPRegen 0.09/turn

%: no passive effects
@: no status effects
A: large, unfitting armour, claws 3, regeneration 1, shaggy fur 1, tough skin 1
a: no special abilities


You were on level 4 of the Dungeon.
You visited 1 branch of the dungeon, and saw 4 of its levels.

You collected 67 gold pieces.

Inventory:

Missiles
 e - 6 poisoned darts (quivered)
Armour
 a - a +0 robe (worn)
 b - a +0 kite shield (worn)
Jewellery
 d - a ring of ice
 q - a ring of poison resistance (left claw)
 r - a +6 ring of intelligence
 s - a ring of willpower (right claw)
Scrolls
 f - a scroll of enchant armour {unknown}
 h - 2 scrolls of identify {unknown}
 i - 2 scrolls of poison {unknown}
 l - a scroll of silence {unknown}
 m - a scroll of immolation {unknown}
 p - a scroll of noise {unknown}
Potions
 c - 3 potions of might
 g - a potion of enlightenment {unknown}
 j - a potion of heal wounds {unknown}
 k - 3 potions of mutation {unknown}
 n - a potion of attraction {unknown}
 o - a potion of brilliance {unknown}


   Skills:
 - Level 3.0 Fighting
 - Level 3.3 Dodging
 + Level 2.9 Shields
 - Level 5.0 Unarmed Combat


You had 4 spell levels left.
You didn't know any spells.
Your spell library was empty.

Dungeon Overview and Level Annotations

Branches:
Dungeon (4/15)
 Temple: D:4-7

Altars:
Gozag
Qazlal

Annotations:
D:4 Edmund


Innate Abilities, Weirdness & Mutations

You are too large for most types of armour.
You have claws for hands.
Your natural rate of healing is unusually fast.
You are covered in fur. (AC +1)
You have tough skin. (AC +1)


Message History

Edmund is nearby!
Edmund is nearby!
Edmund misses you.
You scratch Edmund.
Edmund is lightly wounded.
Edmund hits you with a +2 flail of holy wrath.
You scratch Edmund.
Edmund is moderately wounded.
Edmund barely misses you.
You claw Edmund!
Edmund is heavily wounded.
Edmund hits you with a +2 flail of holy wrath!
You scratch Edmund but do no damage.
Edmund is heavily wounded.
Edmund hits you with a +2 flail of holy wrath.
You scratch Edmund.
Edmund is severely wounded.
Edmund hits you with a +2 flail of holy wrath!
You closely miss Edmund.
Edmund is severely wounded.
Edmund hits you with a +2 flail of holy wrath.
You scratch Edmund but do no damage.
Edmund is severely wounded.
Edmund hits you with a +2 flail of holy wrath!
You scratch Edmund.
Edmund is severely wounded.
Edmund hits you with a +2 flail of holy wrath.
You scratch Edmund but do no damage.
Edmund is severely wounded.
Edmund hits you with a +2 flail of holy wrath.
* * * LOW HITPOINT WARNING * * *
You closely miss Edmund.
Edmund is severely wounded.
Edmund hits you with a +2 flail of holy wrath.
* * * LOW HITPOINT WARNING * * *
You closely miss Edmund.
Edmund is severely wounded.
Edmund hits you with a +2 flail of holy wrath!
You die...
Edmund says, "That'll show my brother!"

### #.. #.# #.#
#.#######
#.#.....#
#@#.....#
#@#.....#
#.#.....##
#.#......# #####
#.#....).# #....
#.'......# #....
###......# #....
#......#####....
#......[........
#.....######....


You could see Edmund.

Vanquished Creatures
  Sigmund (D:3)
  An adder (D:2)
  2 ufetubi (D:3)
  5 dart slugs
  A ribbon worm (D:2)
  5 orcs (D:3)
  5 bats
  4 endoplasms
  2 giant cockroaches
  4 goblins
  7 hobgoblins
  3 jackals (D:1)
  5 kobolds
  2 quokkas
  6 ball pythons
  7 frilled lizards
  3 rats
63 creatures vanquished.

Notes
Turn   | Place    | Note
-------+----------+-------------------------------------------
     0 | D:1      | CougarLife the Troll Fighter began the quest for the Orb.
     0 | D:1      | Reached XP level 1. HP: 22/22 MP: 0/0
    83 | D:1      | Reached XP level 2. HP: 29/29 MP: 1/1
   438 | D:1      | Reached skill level 3 in Unarmed Combat
   614 | D:2      | Found a faded altar of an unknown god.
   625 | D:1      | Reached XP level 3. HP: 28/36 MP: 2/2
  1096 | D:2      | Reached XP level 4. HP: 45/45 MP: 3/3
  1531 | D:3      | Noticed Sigmund
  1548 | D:3      | Killed Sigmund
  1549 | D:3      | Reached skill level 5 in Unarmed Combat
  1549 | D:3      | Reached XP level 5. HP: 39/53 MP: 4/4
  1822 | D:3      | Found a stormy altar of Qazlal.
  1938 | D:3      | Found a faded altar of an unknown god.
  1945 | D:3      | Found an opulent altar of Gozag.
  2112 | D:4      | Noticed Edmund
  2126 | D:4      | Slain by Edmund

Illustrated notes

Levels and vault maps discovered:
D:1:      dpeg_arrival_ternary, layout_loops_ring, wad_floor_pattern_2
D:2:      layout_loops_cross, shapermc_ecumenical_altar_mp_highgroup
D:3:      layout_basic, nicolae_overflow_ecumenical_swirl,
          mainiacjoe_overflow_chevrons, uniq_sigmund
D:4:      layout_basic, uniq_edmund, uniq_eustachio

Skill      XL: |  1  2  3  4 |
---------------+-------------+-----
Unarmed Combat | 3 5 |  5.0
Fighting       | 3 |  3.0
Dodging        | 3 |  3.3
Shields        | |  2.9

Action                     |  1- 3 |  4- 6 || total
---------------------------+-------+-------++-------
  Melee: Unarmed           |   112 |    73 ||   185
 Armour: Robe              |    71 |    54 ||   125
  Dodge: Dodged            |    42 |    26 ||    68
  Block: Kite shield       |    41 |    25 ||    66

Table legend: (Time is in decaauts)
 A = Elapsed time spent in this place.
 B = Non-inter-level travel time spent in this place.
 C = Inter-level travel time spent in this place.
 D = Time resting spent in this place.
 E = Time spent auto-exploring this place.
 F = Levels seen in this place.
 G = Mean time per level.
                   A        B        C        D        E       F      G
               +--------+--------+--------+--------+--------+-----+--------+
         Total |   2136 |   2086 |     50 |     21 |   1631 |   4 |  534.0 |
       Dungeon |   2136 |   2086 |     50 |     21 |   1631 |   4 |  534.0 |
               +--------+--------+--------+--------+--------+-----+--------+

Top non-repeatable levels by time:
     D:3: 726 daAuts
     D:2: 703 daAuts
     D:1: 634 daAuts
     D:4: 72 daAuts
